Construct Section Command Post
Selects Australian Defense Battlegroup
Selects Australian Light Infantry Section
Construct Platoon Command Post
Construct Platoon Command Post
Construct Platoon Command Post
Unlock M3 Stuart Light Tanks
Selects CMP 15cwt Supply Run
Construct Field Infirmary
Construct Field Infirmary
6-pounder Anti-tank Gun Team
Selects Reinforced Resource Caches
Unlock Bishop Self-propelled Artillery
Bishop Self-propelled Artillery
Bishop Self-propelled Artillery
6-pounder Anti-tank Gun Team
Bishop Self-propelled Artillery
Selects Archer Tank Destroyer
6-pounder Anti-tank Gun Team